 Dungeon Crawl Stone Soup version 0.28.0-53-g5a82cb258f (webtiles) character file.

Game seed: 17162827689268339867

764 safid the Cleaver (level 7, 0/88 HPs)
             Began as a Hill Orc Fighter on Aug 12, 2022.
             Was a Follower of Beogh.
             Succumbed to a hornet's poison
             ... on level 4 of the Dungeon.
             The game lasted 00:05:08 (4074 turns).

safid the Cleaver (Hill Orc Fighter)                Turns: 4074, Time: 00:05:09

Health: 0/88       AC:  9    Str: 21    XL:     7   Next: 81%
Magic:  7/7        EV:  9    Int:  8    God:    Beogh [*.....]
Gold:   138        SH:  4    Dex: 10    Spells: 6/6 levels left

rFire   . . .      SeeInvis .   a - +0 war axe
rCold   . . .      Faith    .   c - +0 buckler
rNeg    . . .      Spirit   .   b - +0 scale mail
rPois   .          Reflect  .   o - +0 helmet
rElec   .          Harm     .   (no cloak)
rCorr   .          Rampage  .   g - +0 pair of gloves
Will    .....                   (no boots)
Stlth   ..........              (no amulet)
HPRegen 0.24/turn               (no ring)
MPRegen 0.10/turn               (no ring)

@: berserking, lethally poisoned (0 -> -29), slowed
A: no striking features
a: Renounce Religion


You were on level 4 of the Dungeon.
You worshipped Beogh.
Beogh was aware of your devotion.
You visited 1 branch of the dungeon, and saw 5 of its levels.

You collected 255 gold pieces.
You spent 117 gold pieces at shops.

Inventory:

Hand Weapons
 a - a +0 war axe (weapon)
Armour
 b - a +0 scale mail (worn)
 c - a +0 buckler (worn)
 g - a +0 pair of gloves (worn)
 o - a +0 helmet (worn)
Jewellery
 r - a ring of resist corrosion
Wands
 n - a wand of iceblast (15)
Scrolls
 d - a scroll of blinking {unknown}
 f - 5 scrolls of teleportation {unknown}
 h - a scroll of fear {unknown}
 i - 3 scrolls of identify {unknown}
 k - a scroll of brand weapon {unknown}
 l - a scroll of immolation {unknown}
 q - a scroll of summoning {unknown}
Potions
 m - a potion of brilliance {unknown}
 p - a potion of resistance {unknown}
 s - a potion of degeneration


   Skills:
 - Level 4.0 Fighting
 + Level 10.5 Axes
 - Level 4.0 Armour
 - Level 4.0 Shields


You had 6 spell levels left.
You didn't know any spells.
Your spell library contained the following spells:

 Spells                   Type           Power      Damage    Failure   Level
 Borgnjor's Revivificati  Necr           0%         N/A       100%        8
 Necromutation            Tmut/Necr      0%         N/A       100%        8
 Death's Door             Necr           0%         N/A       100%        9


Dungeon Overview and Level Annotations

Branches:
Dungeon (5/15)
 Temple: D:4-7

Altars:
Gozag
Nemelex Xobeh
Uskayaw

Shops:
D:2 [   D:3 (   D:4 !


Message History

* * * LOW HITPOINT WARNING * * *
You feel as though you will be slow longer.
You can move again.
You feel better. The hornet barely misses you.
The hornet stings you but does no damage. x2
You feel much better.
The hornet stings you but does no damage.
The hornet barely misses you.
You miss the hornet.
The hornet is moderately wounded.
You feel yourself speed up.
The hornet stings you but does no damage.
The hornet misses you.
You miss the hornet.
The hornet is moderately wounded.
The hornet stings you.
You are poisoned.
You suddenly lose the ability to move!
The hornet stings you.
You feel yourself slow down.
You feel yourself speed up.
You feel very sick. The hornet stings you.
You are more poisoned.
You feel yourself slow down.
You can move again.
You hit the hornet.
The hornet is heavily wounded.
You feel extremely sick. The hornet stings you!
You feel as though you will be slow longer.
The hornet stings you.
You are lethally poisoned!
You feel as though you will be slow longer.
The hornet stings you!
* * * LOW HITPOINT WARNING * * *
You feel as though you will be slow longer.
It was a potion of berserk rage.
A red film seems to cover your vision as you go berserk!
You feel yourself moving faster!
You feel mighty!
You die...

..###......................##....
..##..##.####.............##..##.
..##.##### #######.......###.###
.......# ####....#...#...# #..#
......## # ..'g...#.....#####.##
......#..#.#.#....##..##...#..#
......#.. .g#.g.g#..........##
.##...###########y##.......#.#
.#....#......#..@..#.......###
...#..#......#.....#........#
......#..##..#..#..#........#
##...##..##..#.....#........#
......#......).)...#........#
.............#######..#######
......########....##..#
......................#
...............##.....##♣♣


You could see a hornet and a goblin.

Vanquished Creatures
  Eustachio (D:4)
  Menkaure (D:4)
  A black bear (D:5)
  2 scorpions
  A centaur skeleton (D:4)
  A hound (D:4)
  An iguana (D:4)
  Ijyb (D:3)
  Robin (D:3)
  7 adders
  4 worms
  3 dart slugs
  4 orcs
  5 bats
  5 endoplasms
  2 giant cockroaches
  17 goblins
  12 hobgoblins
  5 jackals
  4 kobolds
  5 quokkas
  5 ball pythons
  2 frilled lizards
  7 rats
97 creatures vanquished.

Vanquished Creatures (others)
  An orc priest (D:2)
  An adder (D:2)
  A fungus (D:3)
  6 plants
9 creatures vanquished.

Grand Total: 106 creatures vanquished

Notes
Turn   | Place    | Note
-------+----------+-------------------------------------------
     0 | D:1      | safid the Hill Orc Fighter began the quest for the Orb.
     0 | D:1      | Reached XP level 1. HP: 19/19 MP: 1/1
   112 | D:1      | Reached XP level 2. HP: 27/27 MP: 2/2
   143 | D:1      | Reached skill level 3 in Axes
   378 | D:1      | Reached XP level 3. HP: 33/33 MP: 3/3
   551 | D:2      | Became a worshipper of Beogh the Brigand
   758 | D:2      | Reached XP level 4. HP: 23/40 MP: 4/4
  1020 | D:2      | Reached skill level 4 in Axes
  1393 | D:2      | Found Zomnoc's Antique Armour Shop.
  1614 | D:3      | You fall into a shaft and drop 2 floors!
  1614 | D:5      | Entered Level 5 of the Dungeon
  1630 | D:5      | Noticed a black bear
  1638 | D:5      | Killed a black bear
  1639 | D:5      | Reached skill level 6 in Axes
  1639 | D:5      | Reached XP level 5. HP: 27/46 MP: 5/5
  1767 | D:5      | Reached skill level 7 in Axes
  1767 | D:5      | Reached XP level 6. HP: 47/52 MP: 6/6
  2116 | D:3      | Reached * piety under Beogh
  2266 | D:3      | Found Nijur's Weapon Shoppe.
  2390 | D:3      | Noticed Robin
  2394 | D:3      | Noticed Ijyb
  2415 | D:3      | Killed Ijyb
  2425 | D:3      | Killed Robin
  2711 | D:3      | Found a faded altar of an unknown god.
  2737 | D:3      | Found a sparkling altar of Nemelex Xobeh.
  2740 | D:3      | Found a hide-covered altar of Uskayaw.
  2745 | D:3      | Found an opulent altar of Gozag.
  2967 | D:4      | Reached skill level 8 in Axes
  3078 | D:4      | Found Naruap's Distillery.
  3086 | D:4      | Bought a potion of curing for 39 gold pieces
  3086 | D:4      | Bought a potion of degeneration for 13 gold pieces
  3086 | D:4      | Bought a potion of heal wounds for 65 gold pieces
  3233 | D:4      | Noticed a hornet
  3244 | D:4      | Noticed Menkaure
  3269 | D:4      | Killed Menkaure
  3270 | D:4      | Reached skill level 9 in Axes
  3270 | D:4      | Reached XP level 7. HP: 14/59 MP: 7/7
  3343 | D:4      | Noticed Eustachio
  3643 | D:4      | Killed Eustachio
  3644 | D:4      | Reached skill level 10 in Axes
  4065 | D:4      | Paralysed by a hornet for 3 turns
  4071 | D:4      | Paralysed by a hornet for 2 turns
  4074 | D:4      | Succumbed to a hornet's poison

Illustrated notes

Levels and vault maps discovered:
D:1:      eino_arrival_cavern_c, layout_rooms
D:2:      layout_loops_ring, serial_shops, nicolae_square_shop,
          nicolae_wormholes
D:3:      layout_loops_corners, grunt_temple_overflow_diamond,
          shapermc_ecumenical_altar_mp_urbaneastern, serial_shops,
          nicolae_shop_bloodbath_and_beyond, chequers_serial_rivers_micro_c,
          amcnicky_mini_rare_corridor_liquid, uniq_ijyb, uniq_robin
D:4:      minmay_clustersquares, layout_cave_pools, serial_shops,
          nicolae_shop_crystal, serial_bayou_crossing, uniq_eustachio,
          uniq_crazy_yiuf_cottage, uniq_menkaure
D:5:      minmay_angry_zag, layout_basic, amcnicky_mini_corridor_feature,
          uniq_blork_the_orc

Skill      XL: |  1  2  3  4  5  6  7 |
---------------+----------------------+-----
Axes           | 3 6 7 9 10 | 10.5
Fighting       | 4 |  4.0
Armour         | 4 |  4.0
Shields        | 4 |  4.0

Action                   |  1- 3 |  4- 6 |  7- 9 || total
-------------------------+-------+-------+-------++-------
Melee: War axe           |    89 |   181 |    41 ||   311
Invok: Convert to Beogh  |     1 |       |       ||     1
  Use: Potion            |       |     2 |     3 ||     5
Armor: Scale mail        |    54 |    99 |    29 ||   182
Dodge: Dodged            |    42 |    93 |    29 ||   164
Block: Buckler           |    24 |    37 |    10 ||    71
